 Dungeon Crawl Stone Soup version 0.31-a0-858-g469dc525a8 (webtiles) character file.

Game seed: 18011756546522516328

65 BinkBink the Chopper (level 4, 0/40 HPs)
             Began as a Hill Orc Monk on Oct 9, 2023.
             Was a Believer of the Shining One.
             Slain by Terence
             ... wielding a +0 morningstar
              (3 damage)
             ... on level 2 of the Dungeon.
             The game lasted 00:01:58 (1670 turns).

BinkBink the Chopper (Hill Orc Monk)                Turns: 1670, Time: 00:01:58

Health: 0/40       AC:  6    Str: 15    XL:     4   Next: 13%
Magic:  4/4        EV: 11    Int: 10    God:    the Shining One [**....]
Gold:   76         SH:  0    Dex: 13    Spells: 3/3 levels left

rFire   . . .        a - +0 hand axe
rCold   . . .        d - orb {light}
rNeg    + . .        l - +0 ring mail
rPois   .            (no helmet)
rElec   .            k - +0 cloak
rCorr   .            (no gloves)
SInv    .            (no boots)
Will    .....        (no amulet)
Stlth   +            (no ring)
HPRegen 0.26/turn    (no ring)
MPRegen 0.09/turn

%: no passive effects
@: glowing
A: no striking features
a: Renounce Religion, Divine Shield


You were on level 2 of the Dungeon.
You worshipped the Shining One.
The Shining One was pleased with you.
You visited 1 branch of the dungeon, and saw 2 of its levels.

You collected 76 gold pieces.

Inventory:

Hand Weapons
 a - a +0 hand axe (weapon)
Armour
 b - a +0 robe
 d - an orb of light (worn)
 k - a +0 cloak (worn)
 l - a +0 ring mail (worn)
Scrolls
 g - 2 scrolls of enchant armour {unknown}
 i - a scroll of summoning {unknown}
 j - a scroll of teleportation {unknown}
Potions
 c - a potion of ambrosia
 e - a potion of curing {unknown}
 h - a potion of heal wounds {unknown}


   Skills:
 + Level 4.2 Fighting
 * Level 5.4 Axes
 + Level 1.5 Armour
 - Level 2.5 Dodging


You had 3 spell levels left.
You didn't know any spells.
Your spell library contained the following spells:

 Spells                   Type           Power      Damage    Failure   Level
 Scorch                   Fire           0%         2d5       73%         2
 Flame Wave               Conj/Fire      0%         2d4       100%        4
 Summon Cactus Giant      Summ           0%         N/A       100%        6


Dungeon Overview and Level Annotations

Branches:
Dungeon (2/15)

Altars:
The Shining One

Annotations:
D:2 Terence


Message History

Terence closely misses you.
You hit Terence.
Terence is severely wounded.
Terence barely misses you.
You hit Terence.
Terence is severely wounded.
Terence closely misses you.
You barely miss Terence.
Terence is severely wounded.
Terence barely misses you.
You hit Terence but do no damage.
Terence is severely wounded.
Terence hits you with a +0 morningstar!
You barely miss Terence.
Terence is severely wounded.
Terence hits you with a +0 morningstar!
* * * LOW HITPOINT WARNING * * *
You hit Terence but do no damage.
Terence is severely wounded.
Terence bares his teeth.
Terence hits you with a +0 morningstar! The Shining One protects you from harm!
You hit Terence.
Terence is almost dead.
Terence says, "You're history."
Terence hits you with a +0 morningstar.
* * * LOW HITPOINT WARNING * * *
You barely miss Terence.
Terence is almost dead.
Terence hits you but does no damage.
You barely miss Terence.
Terence is almost dead.
Terence closely misses you.
You hit Terence.
Terence is almost dead.
Terence closely misses you.
You hit Terence but do no damage.
Terence is almost dead.
Terence hits you with a +0 morningstar.
You die...

## ###..# #......#.# ... #.....#
#......#.# ... #.....##
#......#.# .g######......##
#......#.# #.............#
#........# #.............#
##........ #.............#
#...##### ###...........@.###
#...#...# .............).@...#
#...#.### ........?........#.#
#...#...'
......###...†....#.#####...#..##
...... #####.[............#...#
###### ######.######..#...# #.#
#....... #.# ##.#.... #.#
#.#.... #.# #####.#....


You could see Terence.

Vanquished Creatures
  2 adders (D:2)
  3 dart slugs (D:1)
  3 endoplasms
  A giant cockroach (D:1)
  3 hobgoblins
  A kobold (D:1)
  7 ball pythons
  3 bats (D:1)
  5 frilled lizards
  8 goblins
  5 rats
41 creatures vanquished.

Notes
Turn   | Place    | Note
-------+----------+-------------------------------------------
     0 | D:1      | BinkBink the Hill Orc Monk began the quest for the Orb.
     0 | D:1      | Reached XP level 1. HP: 19/19 MP: 1/1
   235 | D:1      | Reached XP level 2. HP: 26/27 MP: 2/2
   463 | D:1      | Noticed an eye of devastation
   479 | D:1      | Noticed a golden eye
   580 | D:1      | Found a faded altar of an unknown god.
   586 | D:1      | Reached XP level 3. HP: 33/33 MP: 3/3
   590 | D:1      | Noticed a golden eye
   590 | D:1      | Noticed a great orb of eyes
   595 | D:1      | Prayed at the altar of an unknown god.
   595 | D:1      | Became a worshipper of the Shining One
   595 | D:1      | Reached * piety under the Shining One
   595 | D:1      | Reached ** piety under the Shining One
   867 | D:1      | Reached skill level 1 in Armour
  1127 | D:2      | Reached skill level 5 in Axes
  1347 | D:2      | Reached XP level 4. HP: 40/40 MP: 4/4
  1504 | D:2      | Noticed Terence
  1665 | D:2      | The Shining One protects you from harm!
  1666 | D:2      | HP: 2/40 [Terence/+0 morningstar (3)]
  1670 | D:2      | Slain by Terence

Illustrated notes

Levels and vault maps discovered:
D:1:      dpeg_arrival_brainrot, layout_loops_corners, serial_glass,
          glass_columns_b, glass_columns_a,
          hellmonk_ecumenical_altar_watching_god
D:2:      layout_basic, chequers_arboretum, dilly_guarded_unrand_morg,
          uniq_terence

Skill      XL: |  1  2  3 |
---------------+----------+-----
Fighting       | 4 |  4.2
Armour         | 1 |  1.5
Axes           | 5 |  5.4
Dodging        | |  2.5

Action                     |  1- 3 |  4- 6 || total
---------------------------+-------+-------++-------
  Melee: Hand axe          |    81 |    28 ||   109
    Use: Scroll            |       |     1 ||     1
 Armour: Robe              |    42 |       ||    42
         Ring mail         |       |    18 ||    18
  Dodge: Dodged            |    50 |    11 ||    61

Table legend: (Time is in decaauts)
 A = Elapsed time spent in this place.
 B = Non-inter-level travel time spent in this place.
 C = Inter-level travel time spent in this place.
 D = Time resting spent in this place.
 E = Time spent auto-exploring this place.
 F = Levels seen in this place.
 G = Mean time per level.
                   A        B        C        D        E       F      G
               +--------+--------+--------+--------+--------+-----+--------+
         Total |   1675 |   1609 |     66 |    105 |   1209 |   2 |  837.5 |
       Dungeon |   1675 |   1609 |     66 |    105 |   1209 |   2 |  837.5 |
               +--------+--------+--------+--------+--------+-----+--------+

Top non-repeatable levels by time:
     D:1: 1003 daAuts
     D:2: 672 daAuts
